Cogmind - Beta 13 @@@ ROGUE MODE // 2024.04.13 @ 18:09:23 Player: Olafz Result: Destroyed by G-67 Veteran with Field Laser Performance ------------- Evolutions (4) 2000 Regions Visited (14) 2800 Robots Destroyed (133) 665 Value Destroyed (4817) 4817 Prototype IDs (32) 640 Alien Tech Used (0) 0 Bonus (2503) 2503 TOTAL SCORE: 13425 Bonus ------- High Alert Combat Kills 257 Follower Combat Kills 206 Entered Garrisons 600 Used RIF Installer 2000 Aligned with FarCom 300 Friendly Fire -860 Cogmind --------- Core Integrity 0/850 Matter 199/300 Energy 22/100 System Corruption 10% Temperature Cool (39) Movement Hovering (60) Location -6/Factory Parts ------- > --- POWER (1) -------- (None) > --- PROPULSION (4) --- Improved Gravmag System > --- UTILITY (7) ------ Gravity Neutralizer Enhanced Optical Array Improved Utility Shielding Hacking Suite System Shield > --- WEAPON (3) ------- Phase Cannon > --- INVENTORY (5) ---- Microactuators Phase Cannon Improved Datajack Peak State ------------ > --- POWER ------------ Light Angular Momentum Engine > --- PROPULSION ------- Flexi-carbon Leg Potential Leg Potential Leg > --- UTILITY ---------- High-capacity Storage Unit Target Analyzer Layered Light Armor Plating Hacking Suite > --- WEAPON ----------- Improved Assault Rifle Improved Assault Rifle Heavy Hammer > --- INVENTORY -------- Light Nuclear Core Light Nuclear Core Light Nuclear Core Carbon-fiber Leg Carbon-fiber Leg Cesium-ion Thruster Cesium-ion Thruster Improved VTOL Module Medium Storage Unit Advanced Weight Redist. System Advanced Weight Redist. System Target Analyzer Layered Light Armor Plating Layered Light Armor Plating Hacking Suite Heavy Assault Rifle Rocket Launcher Improved Datajack Mace Mace [Rating: 54] Favorites ----------- Power Light Nuclear Core Engine Improved Deuterium Engine Power Core Light Nuclear Core Propulsion Light Treads Treads Light Treads Leg Potential Leg Wheel Wheel Hover Unit Improved Gravmag System Flight Unit Improved VTOL Module Utility Hacking Suite Device Advanced Weight Redist. System Storage High-capacity Storage Unit Processor Target Analyzer Hackware Hacking Suite Protection Light Armor Plating Weapon Improved Assault Rifle Energy Gun Small Laser Energy Cannon Phase Cannon Ballistic Gun Improved Assault Rifle Impact Weapon Heavy Hammer Slashing Weapon Greatsword Special Melee Weapon Improved Datajack Build | -11 -10 -10 -9 -9 -9 -8 -8 -8 -8 -7 -7 -7 -7 -6 ------- Run | Yrd Mat Min Mat Min Exi Min Mat Gar Mat Fac Gar Fac Gar Fac Slots Evolved 8 | . . . 2 . . . 2 . . 2 . . . 2 Power . | . . . . . . . . . . . . . . . Propulsion 2 | . . . . . . . 1 . . . . . . 1 Utility 5 | . . . 2 . . . . . . 2 . . . 1 Weapon 1 | . . . . . . . 1 . . . . . . . Parts Attached 169 | . 10 2 21 2 2 1 7 22 11 13 17 . 26 35 Power 22 | . 2 . 2 1 . . 2 5 1 . 1 . 3 5 Engine 12 | . 2 . 2 1 . . 2 1 . . . . . 4 Core 10 | . . . . . . . . 4 1 . 1 . 3 1 Reactor . | . . . . . . . . . . . . . . . Propulsion 66 | . 3 . 7 . 2 . 1 4 5 3 13 . 13 15 Treads 19 | . 2 . 7 . . . . . . . 8 . 2 . Leg 17 | . 1 . . . 2 . 1 4 5 . . . . 4 Wheel 2 | . . . . . . . . . . . . . . 2 Hover 5 | . . . . . . . . . . . . . . 5 Flight 23 | . . . . . . . . . . 3 5 . 11 4 Utility 35 | . 2 . 6 1 . . 3 4 . 5 1 . 5 8 Device 8 | . 1 . 1 . . . . . . 1 . . . 5 Storage 3 | . 1 . . 1 . . . . . 1 . . . . Processor 2 | . . . 1 . . . . . . . . . . 1 Hackware 13 | . . . . . . . 1 2 . 3 1 . 5 1 Protection 9 | . . . 4 . . . 2 2 . . . . . 1 Artifact . | . . . . . . . . . . . . . . . Weapon 46 | . 3 2 6 . . 1 1 9 5 5 2 . 5 7 Energy Gun . | . . . . . . . . . . . . . . . Energy Cannon 3 | . . . . . . . . . . . . . . 3 Ballistic Gun 20 | . 3 2 6 . . 1 . 7 1 . . . . . Ballistic Cannon . | . . . . . . . . . . . . . . . Launcher . | . . . . . . . . . . . . . . . Special Weapon . | . . . . . . . . . . . . . . . Impact Weapon 9 | . . . . . . . 1 . 2 2 . . 2 2 Slashing Weapon 8 | . . . . . . . . 1 1 2 1 . 2 1 Piercing Weapon . | . . . . . . . . . . . . . . . Special Melee Weapon 6 | . . . . . . . . 1 1 1 1 . 1 1 Unidentified Prototypes 3 | . . . . 1 . . . . . 1 . . . 1 Parts Lost 52 | . 1 . 2 . . 1 1 6 3 2 3 . 16 17 Power 10 | . 1 . . . . . 1 1 1 . 1 . 2 3 Propulsion 21 | . . . 1 . . . . 1 1 1 1 . 8 8 Utility 8 | . . . . . . . . . . . 1 . 3 4 Weapon 13 | . . . 1 . . 1 . 4 1 1 . . 3 2 Highest Loss Streak 11 | . 1 . 1 . . 1 1 2 2 2 3 . 11 6 To Critical Strikes . | . . . . . . . . . . . . . . . Average Slot Usage (%) 92 | . 96 100 98 100 100 100 90 99 99 93 84 92 81 61 Engine 6 | . 13 14 11 11 11 11 5 4 . . . . . . Core 2 | . . . . . . . . 4 9 7 6 7 6 . Treads 11 | . 18 28 21 22 13 . . . . . 16 23 13 . Leg 9 | . 9 . . . 8 22 27 27 27 . . . . 4 Flight 1 | . . . . . . . . . . 21 2 . 7 4 Device 5 | . 10 14 11 11 11 11 . . . 7 . . . 3 Storage 10 | . 14 14 11 18 22 22 9 9 9 7 7 7 4 . Processor 5 | . . . 9 11 11 11 9 8 . . . . . 5 Hackware 13 | . . . . . . . 8 10 27 29 36 38 34 23 Protection 3 | . . . 11 3 . . 7 7 . . . . . 1 Ballistic Gun 14 | . 27 28 21 22 22 22 18 15 6 . . . . . Impact Weapon 3 | . . . . . . . 3 9 9 7 2 . 4 5 Slashing Weapon 2 | . . . . . . . . 1 9 8 4 7 5 3 Naked Turns . | . . . . . . . . . . . . . . . Heaviest Build 64 | 10 49 49 59 64 64 64 64 62 54 24 24 21 24 17 Greatest Support 84 | 20 46 46 49 49 69 69 84 80 65 24 68 68 68 60 Greatest Overweight (x) 4 | . 1 1 1 1 1 . . . . 1 2 . 2 4 Average Overweight (x) . | . . 1 1 1 . . . . . . . . . . Largest Inventory Capacity 20 | 8 20 20 20 20 20 20 20 20 20 20 10 10 10 5 Average Capacity 16 | 8 16 20 20 20 20 20 20 20 20 10 10 10 8 5 Most Carried 20 | 6 13 13 20 20 20 20 20 20 20 20 10 10 10 5 Average Carried 14 | 6 8 12 18 20 20 19 19 19 19 10 9 10 7 4 Final Capacity 20 | 8 20 20 20 20 20 20 20 20 20 10 10 10 5 5 Final Carried 20 | 6 11 13 20 20 20 20 20 19 20 10 10 10 5 5 Class Distribution -------------------- 36% | Mutant 25% | Scavenger-Mutant 18% | Hacker-Mutant 12% | Bothacker-Mutant 3% | Bothacker-Sprinter Dominant Class ---------------- Mutant | -10/Materials Mutant | -10/Mines Scavenger-Mutant | -9/Materials Scavenger-Mutant | -9/Mines Scavenger-Mutant | -9/Exiles Mutant | -8/Mines Mutant | -8/Materials Mutant | -8/Garrison Bothacker-Mutant | -8/Materials Bothacker-Sprinter | -7/Factory Hacker-Mutant | -7/Garrison Bothacker-Mutant | -7/Factory Hacker-Mutant | -7/Garrison Hacker-Mutant | -6/Factory Resources | -11 -10 -10 -9 -9 -9 -8 -8 -8 -8 -7 -7 -7 -7 -6 ----------- Run | Yrd Mat Min Mat Min Exi Min Mat Gar Mat Fac Gar Fac Gar Fac Matter Collected 3065 | 200 235 92 226 264 . 321 247 651 157 125 100 . 265 182 Remotely . | . . . . . . . . . . . . . . . Salvage Created 5347 | . 517 49 802 224 . 436 659 911 452 344 37 . 321 595 Parts 286 | . 39 5 59 11 . 25 35 56 21 7 . . 13 15 Haulers Intercepted 5 | . 2 . 1 . . . 1 . 1 . . . . . Recyclers Shooed 3 | . 1 . 2 . . . . . . . . . . . Parts Field Recycled . | . . . . . . . . . . . . . . . Retrieved Matter . | . . . . . . . . . . . . . . . Parts Self-Destructed . | . . . . . . . . . . . . . . . Prevented . | . . . . . . . . . . . . . . . Kills | -11 -10 -10 -9 -9 -9 -8 -8 -8 -8 -7 -7 -7 -7 -6 ------- Run | Yrd Mat Min Mat Min Exi Min Mat Gar Mat Fac Gar Fac Gar Fac Combat Hostiles Destroyed 106 | . 13 3 16 3 . 13 10 24 8 4 . . 9 3 Melee 15 | . . . . . . . . 1 4 2 . . 7 1 Guns 84 | . 13 3 16 3 . 13 10 23 3 . . . . . Classes Destroyed 13 | . 4 . 4 . . . 1 1 1 . . . . 2 Worker 3 | . . . . . . . . . . . . . . 3 Builder 1 | . . . . . . . 1 . . . . . . . Hauler 5 | . 2 . 1 . . . 1 . 1 . . . . . Recycler 9 | . . . 1 1 . . 2 . . 2 . . . 3 Operator 3 | . . . 1 . . . . . . 1 . . . 1 Watcher 5 | . 2 . 1 . . . 1 . . . . . . 1 Swarmer 36 | . 6 3 4 3 . 7 4 7 . . . . 2 . Grunt 45 | . 7 . 7 . . 6 4 11 5 2 . . 2 1 Brawler 2 | . . . 1 . . . . . . . . . 1 . Duelist 1 | . . . . . . . . 1 . . . . . . Sentry 17 | . . . 4 . . . 2 5 2 1 . . 2 1 Hunter 4 | . . . . . . . . . 1 1 . . 2 . Programmer 1 | . . . . . . . . . . . . . . 1 Best Kill Streak 7 | . 4 2 5 3 . 6 7 4 2 2 . . 4 3 Combat Bots Only 6 | . 3 2 5 3 . 6 5 4 2 2 . . 4 2 Max Kills in Single Turn 2 | . 2 1 1 1 . 1 2 2 1 1 . . 1 1 Gunslinging 1 | . 1 . . . . . 1 1 . . . . . . Exploded . | . . . . . . . . . . . . . . . Melee 1 | . . . . . . . . 1 1 1 . . 1 1 Uniques/NPCs Destroyed 1 | . . . . 1 . . . . . . . . . . YI-UF0 (-9/Mines) Combat | -11 -10 -10 -9 -9 -9 -8 -8 -8 -8 -7 -7 -7 -7 -6 -------- Run | Yrd Mat Min Mat Min Exi Min Mat Gar Mat Fac Gar Fac Gar Fac Hostile Shots Fired 1021 | . 72 38 97 19 . 68 42 150 61 85 . . 152 237 Missed 296 | . 21 8 21 3 . 16 11 34 16 36 . . 47 83 Damage Taken 9178 | . 505 238 906 127 . 651 410 1672 719 362 265 . 1270 2053 Core 2444 | . 98 55 206 17 . 77 58 235 203 128 152 . 352 863 Absorbed by Shields . | . . . . . . . . . . . . . . . Redirected to Shielding 80 | . . . . . . . . . . . . . . 80 Regen/Repaired (Parts) 18 | . . . . . . . . . . 18 . . . . Core Remaining (%) 36 | 100 . 38 . . . 25 . . 9 . . . 9 . Volleys Fired 320 | . 50 12 56 13 . 38 38 78 24 . . . . 11 Largest 2 | . 2 2 2 2 . 2 2 2 1 . . . . 1 Hottest 85 | . 60 40 46 46 . 46 46 46 23 . . . . 85 Shots Fired 588 | . 100 24 110 26 . 76 76 141 24 . . . . 11 Gun 577 | . 100 24 110 26 . 76 76 141 24 . . . . . Cannon 11 | . . . . . . . . . . . . . . 11 Launcher . | . . . . . . . . . . . . . . . Special . | . . . . . . . . . . . . . . . Kinetic 573 | . 96 24 110 26 . 76 76 141 24 . . . . . Thermal 15 | . 4 . . . . . . . . . . . . 11 Explosive . | . . . . . . . . . . . . . . . Electromagnetic . | . . . . . . . . . . . . . . . Robot Hit Streak 34 | . 12 4 10 6 . 11 12 34 8 . . . . 5 Robot Miss Streak 6 | . 6 5 3 3 . 2 3 3 2 . . . . 4 Penetration Max . | . . . . . . . . . . . . . . . Secondary Targets 16 | . 3 2 3 1 . 1 3 3 . . . . . . Max Gunslinging Chain 1 | . 1 1 1 1 . 1 1 1 . . . . . . Shots Hit Robots 500 | . 58 11 77 18 . 56 56 119 33 14 7 . 24 27 Core Hits 192 | . 30 3 36 8 . 21 26 41 11 5 . . 6 5 Critical Kills 12 | . . . 3 . . . 1 4 1 3 . . . . Critical Parts Destroyed 26 | . 1 . 1 1 . 1 . 8 1 2 2 . 3 6 Critical Strikes 42 | . 1 . 5 1 . 1 1 12 3 6 2 . 4 6 Destroy 20 | . 1 . 5 1 . 1 1 11 . . . . . . Smash 19 | . . . . . . . . 1 2 5 2 . 3 6 Sever 3 | . . . . . . . . . 1 1 . . 1 . Melee Attacks 178 | . . . . . . . . 41 23 28 10 1 46 29 Thermal 8 | . . . . . . . . . . . . . 8 . Impact 97 | . . . . . . . . 32 6 13 4 . 21 21 Slashing 55 | . . . . . . . . 4 14 15 1 1 13 7 Piercing . | . . . . . . . . . . . . . . . Sneak Attacks 19 | . . . . . . . . 5 1 3 3 . . 7 Combat Hostiles 3 | . . . . . . . . . . 1 1 . . 1 Follow-up Attacks 10 | . . . . . . . . . 2 2 . . 3 3 Damage Inflicted 9446 | . 623 139 900 269 . 874 846 1824 717 721 263 . 811 1459 Guns 5499 | . 623 139 882 267 . 830 837 1641 280 . . . . . Cannons 196 | . . . . . . . . . . . . . . 196 Explosions . | . . . . . . . . . . . . . . . Melee 3673 | . . . . . . . . 183 437 721 263 . 811 1258 Ramming 78 | . . . 18 2 . 44 9 . . . . . . 5 Kinetic 5476 | . 600 139 882 267 . 830 837 1641 280 . . . . . Thermal 219 | . 23 . . . . . . . . . . . . 196 Explosive . | . . . . . . . . . . . . . . . Electromagnetic . | . . . . . . . . . . . . . . . Impact 2545 | . . . . . . . . 183 87 369 263 . 480 1163 Slashing 1128 | . . . . . . . . . 350 352 . . 331 95 Piercing . | . . . . . . . . . . . . . . . Highest Corruption 10 | . . . . . . . . . . . . . . 10 Average Corruption 4 | . . . . . . . . . . . . . . 4 Corruption Purged . | . . . . . . . . . . . . . . . Corruption Blocked . | . . . . . . . . . . . . . . . Effects 6 | . . . . . . . . . . . . . . 6 Matter Fused 2 | . . . . . . . . . . . . . . 2 Heat Flow Errors 2 | . . . . . . . . . . . . . . 2 Data Loss (major) 1 | . . . . . . . . . . . . . . 1 Alerts 1 | . . . . . . . . . . . . . . 1 Overload Shots . | . . . . . . . . . . . . . . . Overflow Damage 1328 | . . . . . . 14 . 22 24 208 252 . 152 656 Projectiles . | . . . . . . . . . . . . . . . Explosions 39 | . . . . . . . . . . . 39 . . . Melee 1289 | . . . . . . 14 . 22 24 208 213 . 152 656 Knockbacks 9 | . . . . . . . 1 . . 2 1 . 4 1 Impact 9 | . . . . . . . 1 . . 2 1 . 4 1 Kinetic . | . . . . . . . . . . . . . . . Secondary . | . . . . . . . . . . . . . . . Self-Inflicted Damage 155 | . . . . . . . . . . . 153 . . 2 Shots 1 | . . . . . . . . . . . 1 . . . Rammed 6 | . . . 2 2 . . . . . . . . . 2 Targets Rammed 10 | . . . 2 2 . 3 1 . . . . . . 2 Kicked 4 | . . . . . . 3 1 . . . . . . . Crushed . | . . . . . . . . . . . . . . . Highest Temperature 237 | . 20 . 40 . . 21 8 27 5 . . . . 237 Average Temperature 14 | . 7 . 14 . . 8 2 6 5 . . . . 66 Received Heat Transfer 2547 | . 186 . 312 . . 270 171 765 342 99 . . 153 249 Siege Activations . | . . . . . . . . . . . . . . . Robots Corrupted . | . . . . . . . . . . . . . . . Combat Hostiles . | . . . . . . . . . . . . . . . Parts Fried 18 | . . . . . . . . . 1 1 1 . 2 13 Impact Corruptions 29 | . . . . . . 1 . 1 1 4 5 . 4 13 Robots Melted . | . . . . . . . . . . . . . . . Combat Hostiles . | . . . . . . . . . . . . . . . Parts Melted . | . . . . . . . . . . . . . . . Heat Transferred 272 | . 50 . . . . . . . . . . . . 222 Parts Sabotaged . | . . . . . . . . . . . . . . . Parts Stolen . | . . . . . . . . . . . . . . . Parts Stripped . | . . . . . . . . . . . . . . . Power Chain Reactions . | . . . . . . . . . . . . . . . Alert | -11 -10 -10 -9 -9 -9 -8 -8 -8 -8 -7 -7 -7 -7 -6 ------- Run | Yrd Mat Min Mat Min Exi Min Mat Gar Mat Fac Gar Fac Gar Fac Peak Influence 1007 | . 305 93 223 111 . 305 430 1007 521 279 638 335 283 237 Initial 490 | . . 23 35 51 . . 40 150 490 60 167 334 234 147 Average 261 | . 120 88 109 49 . 120 203 601 401 176 416 334 242 138 Maximum Alert Level 3 | . 1 . 1 . . 1 2 3 2 1 2 1 1 1 Low Security (%) 48 | 100 83 100 81 100 . 77 42 4 4 55 . . 1 91 Level 1 29 | . 16 . 18 . . 23 49 18 45 44 51 100 98 8 Level 2 16 | . . . . . . . 8 41 50 . 47 . . . Level 3 5 | . . . . . . . . 35 . . . . . . Level 4 . | . . . . . . . . . . . . . . . Level 5 . | . . . . . . . . . . . . . . . High Security . | . . . . . . . . . . . . . . . Max Security . | . . . . . . . . . . . . . . . Squads Dispatched 18 | . 2 . 3 . . . 3 . 1 4 . . . 5 Investigation 5 | . . . 1 . . . 1 . 1 . . . . 2 Extermination 2 | . . . . . . . . . . 1 . . . 1 Reinforcement 8 | . 2 . 2 . . . . . . 2 . . . 2 Assault . | . . . . . . . . . . . . . . . Garrison 3 | . . . . . . . 2 . . 1 . . . . Intercept . | . . . . . . . . . . . . . . . Searches Triggered . | . . . . . . . . . . . . . . . Construction Impeded . | . . . . . . . . . . . . . . . Haulers Reinforced . | . . . . . . . . . . . . . . . Active Scanning Responses . | . . . . . . . . . . . . . . . Cargo Convoy Interrupts . | . . . . . . . . . . . . . . . Stealth | -11 -10 -10 -9 -9 -9 -8 -8 -8 -8 -7 -7 -7 -7 -6 --------- Run | Yrd Mat Min Mat Min Exi Min Mat Gar Mat Fac Gar Fac Gar Fac Distress Signals 9 | . 3 . 2 . . . 2 . 1 1 . . . . Communications Jammed . | . . . . . . . . . . . . . . . Distress Signals . | . . . . . . . . . . . . . . . Times Spotted 192 | . 20 3 25 3 . 14 17 32 15 13 . . 26 24 Peak Tracking Total 10 | . 5 3 5 3 . 6 6 5 4 5 . . 10 7 Tactical Retreats 24 | . 1 . 1 . . 1 3 2 1 2 . . 6 7 Traps | -11 -10 -10 -9 -9 -9 -8 -8 -8 -8 -7 -7 -7 -7 -6 ------- Run | Yrd Mat Min Mat Min Exi Min Mat Gar Mat Fac Gar Fac Gar Fac Traps Triggered 5 | . . . . . . . . 1 1 . 1 . . 2 Indirectly . | . . . . . . . . . . . . . . . Trap Hack Attempts . | . . . . . . . . . . . . . . . Triggered . | . . . . . . . . . . . . . . . Disarmed . | . . . . . . . . . . . . . . . Reprogrammed . | . . . . . . . . . . . . . . . Reused . | . . . . . . . . . . . . . . . Traps Extracted . | . . . . . . . . . . . . . . . Installed . | . . . . . . . . . . . . . . . Triggered . | . . . . . . . . . . . . . . . Machines | -11 -10 -10 -9 -9 -9 -8 -8 -8 -8 -7 -7 -7 -7 -6 ---------- Run | Yrd Mat Min Mat Min Exi Min Mat Gar Mat Fac Gar Fac Gar Fac Machines Disabled 7 | . . . . 1 . . 1 2 . . 2 . 1 . Max in Single Turn 1 | . . . . 1 . . 1 1 . . 1 . 1 . Garrison Access 1 | . . . . . . . . . 1 . . . . . Garrison Relay 4 | . . . . . . . . 2 . . 1 . 1 . Phase Generator 2 | . . . . . . . . . . . 1 . 1 . Machines Repaired . | . . . . . . . . . . . . . . . Machines Dismantled . | . . . . . . . . . . . . . . . Machines Sabotaged . | . . . . . . . . . . . . . . . Overloaded Fab Kills . | . . . . . . . . . . . . . . . Hacking | -11 -10 -10 -9 -9 -9 -8 -8 -8 -8 -7 -7 -7 -7 -6 --------- Run | Yrd Mat Min Mat Min Exi Min Mat Gar Mat Fac Gar Fac Gar Fac Machines Accessed 32 | . 2 . 1 . 1 . 5 4 6 6 2 1 3 1 Terminals 24 | . 2 . 1 . . . 2 4 5 4 2 . 3 1 Fabricators . | . . . . . . . . . . . . . . . Repair Stations 1 | . . . . . . . . . . 1 . . . . Recycling Units 1 | . . . . . . . 1 . . . . . . . Scanalyzers 1 | . . . . . . . 1 . . . . . . . Garrison Access 4 | . . . . . . . 1 . 1 1 . 1 . . Total Hacks 72 | . 5 . 3 . 1 . 12 9 17 14 3 1 4 3 Successful 38 | . 3 . 1 . 1 . 7 4 6 9 2 1 3 1 Failed 34 | . 2 . 2 . . . 5 5 11 5 1 . 1 2 Catastrophic 6 | . . . . . . . 1 1 4 . . . . . Database Lockouts . | . . . . . . . . . . . . . . . Manual 34 | . 4 . 2 . 1 . 4 1 14 8 . . . . Terminals 60 | . 5 . 3 . . . 7 9 15 11 3 . 4 3 Fabricators . | . . . . . . . . . . . . . . . Repair Stations 2 | . . . . . . . . . . 2 . . . . Recycling Units 2 | . . . . . . . 2 . . . . . . . Scanalyzers 2 | . . . . . . . 2 . . . . . . . Garrison Access 5 | . . . . . . . 1 . 2 1 . 1 . . Terminal Hacks 24 | . 2 . 1 . 1 . 1 4 4 5 2 . 3 1 Robot Analysis 2 | . . . . . . . 1 . 1 . . . . . Prototype ID Bank 2 | . 1 . . . . . . . . 1 . . . . Open Door 3 | . . . . . . . . 1 . . 1 . 1 . Level Access Points 1 | . . . . . . . . . . 1 . . . . Branch Access Points 2 | . . . . . . . . . . 1 . . . 1 Emergency Access Points 2 | . . . . . . . . 1 . . . . 1 . Machine Index 1 | . . . . . . . . . . 1 . . . . Unreport Threat 6 | . 1 . 1 . . . . . 3 1 . . . . Garrison Registry 1 | . . . . . . . . 1 . . . . . . Patrol Navigation 2 | . . . . . . . . . . . 1 . 1 . Security Stations 1 | . . . . . . . . 1 . . . . . . Derelict Proto ID Bank 1 | . . . . . 1 . . . . . . . . . Fabricator Hacks . | . . . . . . . . . . . . . . . Repair Station Hacks 2 | . . . . . . . . . . 2 . . . . Scan Component 1 | . . . . . . . . . . 1 . . . . Repair 1 | . . . . . . . . . . 1 . . . . Recycling Unit Hacks 1 | . . . . . . . 1 . . . . . . . Retrieve Components 1 | . . . . . . . 1 . . . . . . . Scanalyzer 2 | . . . . . . . 2 . . . . . . . Insert Component 1 | . . . . . . . 1 . . . . . . . Analyze 1 | . . . . . . . 1 . . . . . . . Garrison Access Hacks 5 | . . . . . . . 1 . 2 1 . 1 . . Unlock Access 3 | . . . . . . . 1 . . 1 . 1 . . Seal Access 1 | . . . . . . . . . 1 . . . . . Coupler Status 1 | . . . . . . . . . 1 . . . . . Unauthorized Hacks 4 | . 1 . . . . . 2 . . 1 . . . . Terminals 4 | . 1 . . . . . 2 . . 1 . . . . Botnet 4 | . 1 . . . . . 2 . . 1 . . . . Fabricators . | . . . . . . . . . . . . . . . Repair Stations . | . . . . . . . . . . . . . . . Recycling Units . | . . . . . . . . . . . . . . . Scanalyzers . | . . . . . . . . . . . . . . . Garrison Access . | . . . . . . . . . . . . . . . Data Cores Recovered 1 | . . . . . . . . . . 1 . . . . Used 1 | . . . . . . . . . . 1 . . . . Hacking Detections 26 | . 1 . 1 . . . 4 4 5 6 2 . 2 1 Full Trace Events 6 | . 1 . 1 . . . 2 . 1 . . . . 1 Feedback Events . | . . . . . . . . . . . . . . . Feedback Blocked . | . . . . . . . . . . . . . . . Robot Schematics Acquired . | . . . . . . . . . . . . . . . Robots Built . | . . . . . . . . . . . . . . . Authchips . | . . . . . . . . . . . . . . . Time . | . . . . . . . . . . . . . . . Total Robot Build Rating . | . . . . . . . . . . . . . . . Part Schematics Acquired 1 | . . . . . . . 1 . . . . . . . Parts Built . | . . . . . . . . . . . . . . . Authchips . | . . . . . . . . . . . . . . . Time . | . . . . . . . . . . . . . . . Total Part Build Rating . | . . . . . . . . . . . . . . . Parts Repaired 1 | . . . . . . . . . . 1 . . . . Time 19 | . . . . . . . . . . 19 . . . . Parts Recycled . | . . . . . . . . . . . . . . . Recycled Matter . | . . . . . . . . . . . . . . . Retrieved Matter . | . . . . . . . . . . . . . . . Retrieved Components 3 | . . . . . . . 3 . . . . . . . Parts Scanalyzed 1 | . . . . . . . 1 . . . . . . . Part Schematics Acquired 1 | . . . . . . . 1 . . . . . . . Parts Damaged . | . . . . . . . . . . . . . . . Bothacking | -11 -10 -10 -9 -9 -9 -8 -8 -8 -8 -7 -7 -7 -7 -6 ------------ Run | Yrd Mat Min Mat Min Exi Min Mat Gar Mat Fac Gar Fac Gar Fac Used RIF Installer 4 | . . . . . . . . 1 . . 2 . 1 . Threat Obfuscator 2 | . . . . . . . . . . . 1 . 1 . Zone Cloak 1 | . . . . . . . . . . . 1 . . . Robots Hacked 5 | . . . . . . . . . 1 . . . 3 1 Non-combat . | . . . . . . . . . . . . . . . Combat 5 | . . . . . . . . . 1 . . . 3 1 Robot Hacks Applied 6 | . . . . . . . . . 1 . . . 4 1 parse_system 1 | . . . . . . . . . . . . . . 1 reboot_propulsion 1 | . . . . . . . . . . . . . 1 . overload_power 1 | . . . . . . . . . . . . . 1 . streamctrl_high 1 | . . . . . . . . . 1 . . . . . formatsys_high 2 | . . . . . . . . . . . . . 2 . Relay Couplers Released 17 | . . . . . . . . 10 . . 4 . 3 . Machine Destruction 17 | . . . . . . . . 10 . . 4 . 3 . Attached 8 | . . . . . . . . 2 . 1 . . 4 1 Fabnet Peak Effective % . | . . . . . . . . . . . . . . . Robots Rewired 7 | . . . . . . . . 4 . . 3 . . . Allies Hacked . | . . . . . . . . . . . . . . . Hacks Repelled . | . . . . . . . . . . . . . . . Allies | -11 -10 -10 -9 -9 -9 -8 -8 -8 -8 -7 -7 -7 -7 -6 -------- Run | Yrd Mat Min Mat Min Exi Min Mat Gar Mat Fac Gar Fac Gar Fac Total Allies 12 | . . . . . . . . 4 1 . 3 . 4 . Largest Group 4 | . . . . . . . . 4 1 . 3 3 3 . Highest-Rated Group 121 | . . . . . . . . 121 16 . 75 70 70 . Highest-Rated Ally 39 | . . . . . . . . 39 16 . 39 39 39 . Total Orders . | . . . . . . . . . . . . . . . Ally Attacks 57 | . . . . . . . . 22 9 . . . 26 . Total Damage 1125 | . . . . . . . . 371 141 . . . 613 . Kills 6 | . . . . . . . . 3 1 . . . 2 . Allies Corrupted 1 | . . . . . . . . . . . . . 1 . Allies Melted . | . . . . . . . . . . . . . . . Intel | -11 -10 -10 -9 -9 -9 -8 -8 -8 -8 -7 -7 -7 -7 -6 ------- Run | Yrd Mat Min Mat Min Exi Min Mat Gar Mat Fac Gar Fac Gar Fac Robot Analysis Total 2 | . . . . . . . 1 . 1 . . . . . Derelict Logs Recovered 1 | . . 1 . . . . . . . . . . . . Drone Launches . | . . . . . . . . . . . . . . . Drone Recoveries . | . . . . . . . . . . . . . . . Exploration | -11 -10 -10 -9 -9 -9 -8 -8 -8 -8 -7 -7 -7 -7 -6 ------------- Run | Yrd Mat Min Mat Min Exi Min Mat Gar Mat Fac Gar Fac Gar Fac Turns Passed 8844 | 3 1123 373 915 674 474 400 402 1325 420 292 1216 55 524 648 Spaces Moved 5612 | 3 475 140 293 261 320 300 229 859 215 572 750 33 418 744 Core 82 | . . . . . . . . . . . . . . 82 Treads 1943 | . 295 140 293 261 121 . . . . . 653 33 147 . Legs 2071 | 3 180 . . . 199 300 229 859 215 . . . . 86 Wheels . | . . . . . . . . . . . . . . . Hover 219 | . . . . . . . . . . . . . . 219 Flight 1297 | . . . . . . . . . . 572 97 . 271 357 Fastest Speed 29 | 120 120 240 240 240 90 90 100 100 110 29 32 160 29 32 Average Speed 123 | 120 199 240 240 240 146 90 100 104 110 29 155 160 77 63 Slowest Speed 250 | 120 240 240 240 240 240 90 100 110 110 107 202 160 175 250 Overloaded Moves . | . . . . . . . . . . . . . . . Propulsion Burnouts . | . . . . . . . . . . . . . . . Robots Hopped . | . . . . . . . . . . . . . . . Cave-ins Triggered . | . . . . . . . . . . . . . . . Exploration Rate (%) 43 | 2 78 43 33 45 77 61 20 70 29 22 93 1 50 28 Regions Visited 14 Branch Regions 4 Pre-discovered Areas . | . . . . . . . . . . . . . . . Known Exits Taken 3 | . . . . . . . 1 . . 1 . 1 . . Unknown Exits Taken 8 | 1 1 1 1 1 1 1 . . 1 . . . . . Scrap Searched 2 | . . . . 1 . 1 . . . . . . . . Spaces Dug 25 | . . . . . . . . 10 1 5 . 1 7 1 Terrain Destroyed 98 | . . . . . . . . 10 1 5 70 1 7 4 Melee 25 | . . . . . . . . 10 1 5 . 1 7 1 Projectile 3 | . . . . . . . . . . . . . . 3 AOE 70 | . . . . . . . . . . . 70 . . . Terrain Rammed . | . . . . . . . . . . . . . . . Walls Destroyed . | . . . . . . . . . . . . . . . Machines Disabled . | . . . . . . . . . . . . . . . Actions | -11 -10 -10 -9 -9 -9 -8 -8 -8 -8 -7 -7 -7 -7 -6 --------- Run | Yrd Mat Min Mat Min Exi Min Mat Gar Mat Fac Gar Fac Gar Fac Total 6738 | 2 569 153 412 282 323 355 330 1090 344 652 790 33 538 865 Wait 292 | . 17 . 10 . . 7 41 52 70 28 1 . 42 24 Move 5595 | 2 474 139 292 260 319 299 228 857 214 571 748 32 416 744 Hop . | . . . . . . . . . . . . . . . Pick Up 60 | . 7 . 11 1 . 4 6 14 2 2 5 . 2 6 Fast Attach 66 | . 3 . 4 1 2 . 4 3 2 5 7 . 13 22 Attach 47 | . 2 . 2 . . 1 1 10 2 6 4 . 8 11 Detach 22 | . 3 . 1 . . . . 4 . 3 2 . 2 7 Swap 56 | . 5 2 15 1 . . 2 9 7 2 6 . 5 2 Drop 102 | . 8 . 19 3 2 3 9 17 3 11 7 . 7 13 Fire 320 | . 50 12 56 13 . 38 38 78 24 . . . . 11 Melee 162 | . . . . . . . . 41 20 24 10 1 43 23 Ram 2 | . . . . . . . . . . . . . . 2 Kick 4 | . . . . . . 3 1 . . . . . . . Crush 4 | . . . 2 2 . . . . . . . . . . Escape Stasis 5 | . . . . . . . . 5 . . . . . . Rewire 1 | . . . . 1 . . . . . . . . . . Trap . | . . . . . . . . . . . . . . . Miscellaneous . | . . . . . . . . . . . . . . . Route ------- -11/Scrapyard -10/Materials (discovered 4 exits: *Mat x3 / [*Min]) -10/Mines -9/Materials -9/Mines (discovered 2 exits: *Mat / *Exi) -9/Exiles -8/Mines -8/Materials -8/Garrison (discovered 3 exits: *Mat x3) -8/Materials -7/Factory (discovered 7 exits: Fac x4 / Low x2 / Gar) -7/Garrison (discovered 3 exits: *Fac x3) -7/Factory -7/Garrison -6/Factory (discovered 2 exits: Low x2) History --------- Turn | Location | Event 1 | -11/Scrapyard | Discovered new exit (range 1) 4 | -11/Scrapyard | Entered Materials 69 | -10/Materials | Discovered new exit (range 16) 420 | -10/Materials | Discovered new exit (range 8) 609 | -10/Materials | Build established: Mutant 740 | -10/Materials | Discovered new exit (range 16) 904 | -10/Materials | Discovered new exit (range 15) 1127 | -10/Materials | Entered Mines 1137 | -10/Mines | Core integrity fell below 50% 1430 | -10/Mines | Learned Materials trap positions 1469 | -10/Mines | Discovered new exit (range 6) 1500 | -10/Mines | Entered Materials 1500 | -9/Materials | Evolved 2 slots: Utility x2 1501 | -9/Materials | Loaded intel: 13 trap records 1982 | -9/Materials | Build established: Scavenger-Mutant 2315 | -9/Materials | Core integrity fell below 50% 2401 | -9/Materials | Discovered new exit (range 7) 2415 | -9/Materials | Entered Mines 2582 | -9/Mines | YI-UF0 nonchalantly dropped a Grenade Launcher on the ground 2595 | -9/Mines | Murdered YI-UF0 2595 | -9/Mines | Destroyed YI-UF0 2626 | -9/Mines | Found Prototype Storage 2626 | -9/Mines | Identified YI-UF0's Bottomless Matter Pit 2902 | -9/Mines | Discovered new exit (range 7) 3080 | -9/Mines | Deemed a non-threat by the Exiles lab entrance 3080 | -9/Mines | Discovered new exit (range 5) 3089 | -9/Mines | Entered Exiles 3149 | -9/Exiles | Met 8R-AWN 3188 | -9/Exiles | Met EX-HEX 3262 | -9/Exiles | Met EX-BIN 3291 | -9/Exiles | Aligned with FarCom system 3293 | -9/Exiles | Given EX-Vault access code 3353 | -9/Exiles | Opened EX-Vault 3381 | -9/Exiles | Found Potential Leg 3384 | -9/Exiles | Found Potential Leg 3405 | -9/Exiles | Warned to stay clear of 0b10 Research branches 3461 | -9/Exiles | Met EX-DEC 3482 | -9/Exiles | Visited The Gauntlet 3554 | -9/Exiles | Discovered new exit (range 12) 3563 | -9/Exiles | Left Exiles lab with Potential Leg 3563 | -9/Exiles | Entered Mines 3690 | -8/Mines | Build established: Mutant 3951 | -8/Mines | Discovered new exit (range 3) 3963 | -8/Mines | Entered Materials 3963 | -8/Materials | Evolved 2 slots: Propulsion x1, Weapon x1 4103 | -8/Materials | Garrison activated, responded to threat 4312 | -8/Materials | Garrison activated, responded to threat 4364 | -8/Materials | Identified exit to Garrison 4365 | -8/Materials | Entered Garrison 4577 | -8/Garrison | Triggered checkpoint 4765 | -8/Garrison | Lost 3 allies 4847 | -8/Garrison | Triggered checkpoint 4880 | -8/Garrison | Learned Materials security intel 5091 | -8/Garrison | Triggered checkpoint 5120 | -8/Garrison | Core integrity fell below 50% 5200 | -8/Garrison | Discovered new exit (range 10) 5211 | -8/Garrison | Triggered checkpoint 5257 | -8/Garrison | Discovered new exit (range 44) 5257 | -8/Garrison | Discovered new exit (range 6) 5257 | -8/Garrison | Discovered new exit (range 46) 5277 | -8/Garrison | Garrison Relay disabled 5437 | -8/Garrison | Installed Relay Interface Framework 5445 | -8/Garrison | Build established: Scavenger-Mutant 5542 | -8/Garrison | Garrison Relay disabled 5681 | -8/Garrison | Triggered checkpoint 5690 | -8/Garrison | Entered Materials 5855 | -8/Materials | Build established: Bothacker-Mutant 5865 | -8/Materials | Core integrity fell below 20% 6103 | -8/Materials | Discovered new exit (range 4) 6110 | -8/Materials | Entered Factory 6110 | -7/Factory | Evolved 2 slots: Utility x2 6231 | -7/Factory | Repaired Imp. Datajack 6315 | -7/Factory | Identified exit to Lower Caves 6315 | -7/Factory | Identified exit to Factory 6332 | -7/Factory | Garrison activated, responded to threat 6402 | -7/Factory | Identified exit to Garrison 6402 | -7/Factory | Entered Garrison 6402 | -7/Garrison | Discovered recently destroyed garrison 6413 | -7/Garrison | Phase Generator disabled 6444 | -7/Garrison | Lost 3 parts (1p1n1u) 6835 | -7/Garrison | Discovered new exit (range 9) 6863 | -7/Garrison | Build established: Hacker-Mutant 7143 | -7/Garrison | Expanded RIF knowledge: Threat Obfuscation 7245 | -7/Garrison | Discovered new exit (range 12) 7478 | -7/Garrison | Expanded RIF knowledge: Zone Cloak 7501 | -7/Garrison | Garrison Relay disabled 7564 | -7/Garrison | Discovered new exit (range 13) 7618 | -7/Garrison | Entered Factory 7618 | -7/Factory | Accompanied by 3 allies 7671 | -7/Factory | Identified exit to Garrison 7673 | -7/Factory | Entered Garrison 7673 | -7/Garrison | Accompanied by 3 allies 7773 | -7/Garrison | Phase Generator disabled 7774 | -7/Garrison | Build established: Bothacker-Mutant 7804 | -7/Garrison | Lost 3 allies 7812 | -7/Garrison | Rescued a captive Derelict 7812 | -7/Garrison | Rescued a captive Derelict 7935 | -7/Garrison | Triggered checkpoint 8000 | -7/Garrison | Core integrity fell below 50% 8027 | -7/Garrison | Triggered checkpoint 8042 | -7/Garrison | Core integrity fell below 20% 8073 | -7/Garrison | Expanded RIF knowledge: Threat Obfuscation 8075 | -7/Garrison | Triggered checkpoint 8075 | -7/Garrison | Lost 11 parts (1p5n3u2w) 8084 | -7/Garrison | Garrison Relay disabled 8171 | -7/Garrison | Lost 4 parts (1p2n1w) 8181 | -7/Garrison | Discovered exit to Factory (range 12) 8197 | -7/Garrison | Entered Factory 8197 | -6/Factory | Evolved 2 slots: Propulsion x1, Utility x1 8279 | -6/Factory | Lost 4 parts (1p1n2u) 8352 | -6/Factory | Identified exit to Lower Caves 8663 | -6/Factory | Core integrity fell below 50% 8753 | -6/Factory | Lost 6 parts (1p3n1u1w) 8792 | -6/Factory | Core integrity fell below 20% 8816 | -6/Factory | Build established: Hacker-Mutant 8833 | -6/Factory | Lost 3 parts (1p1n1u) 8838 | -6/Factory | System corruption reached 10% 8845 | -6/Factory | Destroyed by G-67 Veteran with Field Laser Last Messages --------------- Terminal disabled. K-01 Serf collects debris. Door malfunctions. O-16 Technician: "IFF HANDSHAKE FAILED. SECURING TERMINAL." System corrupted: Heat flow error (+265). K-01 Serf collects debris. Triggered Alarm Trap. An alarm sounds. ALERT: Alarm triggered, dispatching investigation squad. System corrupted: Substantial component data lost. Lgt. Nuclear Core destroyed. Imp. Gravmag System destroyed. Slammed into P-70 Sage. System corrupted: IFF burst signal emitted. Imp. Reaction Control System destroyed. Acquired Ion Cannon. Ion Cannon destroyed. Map ----- +----------------------------------------------------+ | ?????????????????????????????????????? | | ?????????????????????????????????????? | | ?????????????????????????????????????? | | ?????????????????????????????????????? | | ?????????????????????????????????????? | | ?????????????????????????????????????? | | ?????????????????????????????????????? | | ?????????????????????????????????????? | | ?????????????????????????????????????? | | ?????????????????????????????????????? | | ?????????????????????????????????????? | | ??????????????????????????????? ?????? | | ?????????????????????????????? ?????? | | ?????????????????????########/###????? | | ????????????????????? ????? | | ???????????????????? ????? | | ???????????????????? ?????? | | ??????????????????? ??????? | | ??????????????????? ????????? | | ??##############?? ??????????? | | ??# ! #?? ????????????? | | ??# #? w #?????????????? | | ??# #? #?????????????? | | ??# # #?????????????? | | ??# """ """ # # """ "???????? | | ??# """ """@g/g + """ "???????? | | ??# """ """ g# # """ "???????? | | ??# # #?????????????? | | ??# """ """ #? #?????????????? | | ??# """ """ #? #?????????????? | | ??# """ """p #?? #?????????????? | | ??#! #?? #?????????????? | | ##########+#####??? #?????????????? | | # ????# #??????o #?????????????? | | # """ ???# #???????? #?????????????? | | # """ ?### ###?????? #?????????????? | | # """ ]# !#???? #?????????????? | | # # T" ### #?????????????? | | # """ + "" #?????????????? | | # """ # ####### ###?????????????? | | # """ # #???????????????????????? | | # ?###+#####?????????????????????? | | # """ ?# Y #?????????????????????? | | # """??# """" #?????????????????????? | | # """??# """" #?????????????????????? | | # ???# """" #?????????????????????? | | ####???# """" #?????????????????????? | | ???????# #?????????????????????? | | ???????# """" #?????????????????????? | | ???????# """" #?????????????????????? | +----------------------------------------------------+ Best States ------------- Heat Dissipation 37 Energy Generation 18 Energy Capacity 290 Matter Stores 352 Matter Capacity 1800 Sight Range 22 Terrain Scan Density 10 Additional Mass Support 12 Armor Coverage 150 Utility Shielding 66 Melee Speed Boost 20 Evasion (%) 64 Target Analysis 5 Recoil Reduction 3 Offensive Hacking 30 Defensive Hacking 10 Relay Coupler Types 3 Relay Coupler Value 72 Item Schematics ----------------- Cesium-ion Thruster | -8/Materials | Scanalyzed Robot Schematics ------------------ None Fabricated ------------ Nothing Alien Tech Used ----------------- None Achievements -------------- Assimilation Complete Error 47 Infiltrator Challenges ------------ None Game ------ Seed WardroneBattleGravjet Manual? 0 Play Time 01:52:49 Cumulative 52.4 hours Start 2024.04.13 @ 15:52:45 End 2024.04.13 @ 18:09:23 Sessions 1 Manual Loads 0 Difficulty Rogue Special Mode None Game No. 124 Rogue 122 Adventurer 2 Explorer 0 Win Type - Total 0 Types 0/0/0/0/0/0/0/0/0 Lore% 33 Gallery% 41 Achievement% 32 Wizard Run 0 Options --------- Layout 2 ASCII 0 Keyboard 1 Movement Numpad Keybinds 1 Fullscreen 2 Font 24/Smallcaps Map View 50x44 Zoom Use 0% Tactical HUD 1 Map Filters NONE Filters NONE Steam 1 RUN: 52d41f46-22ae-47bf-9685-d6e0899fe1aa